 Dungeon Crawl Stone Soup version 0.20.1-1-g8b1a95d (webtiles) character file.

71 Alelolelolen the Skirmisher (level 4, 0/40 HPs)
             Began as a Minotaur Fighter on Oct 24, 2017.
             Slain by arttle's ghost (5 damage)
             ... on level 3 of the Dungeon.
             The game lasted 00:01:13 (1099 turns).

Alelolelolen the Skirmisher (Minotaur Fighter)      Turns: 1099, Time: 00:01:14

Health: 0/40       AC:  7    Str: 21    XL:     4   Next: 5%
Magic:  3/3        EV:  7    Int:  5    God:
Gold:   70         SH:  9    Dex: 10    Spells: 3/3 levels left

rFire    . . .     SeeInvis .   a - +0 long sword
rCold    . . .     Gourm    .   c - +0 shield
rNeg     . . .     Faith    .   b - +0 scale mail
rPois    .         Spirit   .   (helmet restricted)
rElec    .         Reflect  .   (no cloak)
rCorr    .         Harm     .   (no gloves)
MR       .....                  (no boots)
Stlth    ..........             (no amulet)
Regen    0.2/turn               (no ring)
MPRegen  0.1/turn               (no ring)

@: no status effects
A: retaliatory headbutt, horns 2
a: no special abilities


You were on level 3 of the Dungeon.
You were hungry.

You visited 1 branch of the dungeon, and saw 3 of its levels.

You collected 70 gold pieces.

Inventory:

Hand Weapons
 a - a +0 long sword (weapon)
Armour
 b - a +0 scale mail (worn)
 c - a +0 shield (worn)
Scrolls
 e - 2 scrolls of remove curse {unknown}
 i - a scroll of immolation {unknown}
 l - a scroll of magic mapping {unknown}
 n - 2 scrolls of identify {unknown}
Potions
 d - a potion of might
 h - a potion of heal wounds {unknown}
Comestibles
 f - a bread ration
 g - 6 fruits
 j - 2 meat rations
 m - a royal jelly


   Skills:
 * Level 4.3 Fighting
 * Level 3.4 Long Blades
 * Level 4.2 Armour
 * Level 4.3 Shields


You had 3 spell levels left.
You didn't know any spells.

Dungeon Overview and Level Annotations

Branches:
Dungeon (3/15)

Altars:
Trog
The Shining One

Annotations:
D:3 arttle's ghost, amateur GrEE


Innate Abilities, Weirdness & Mutations

You reflexively headbutt those who attack you in melee.
You have a pair of horns on your head.


Message History

The stone arrow hits you!
A jackal comes into view.
There are monsters nearby!
You closely miss arttle's ghost.
Arttle's ghost points at you and mumbles some strange words.
The stone arrow hits you!
The jackal bites you but does no damage.
You are too injured to fight recklessly!
You are too injured to fight recklessly!
You are too injured to fight recklessly!
You are too injured to fight recklessly!
You hit arttle's ghost.
Arttle's ghost is lightly damaged.
You block the jackal's attack.
Arttle's ghost says, "You will never get the ORB!"
Arttle's ghost points at you and mumbles some strange words.
The stone arrow hits you!
* * * LOW HITPOINT WARNING * * *
Arttle's ghost hits you.
You die...

#.##....†....#.# #
###.......)....#.# .
....#..........#.# ##
#.#.#.#..........#.# #..
#.#.#.#..........#.#
....#.#.#.##.........#.#
..........#......#'###.#
......hh..#..###.#.#....
.....[W@.$...# #.#.#.#.#
..b.#.#####....#...#.#.#
. .. .....#####.#.. #.#
####### #.### # #....
#####


You could see arttle's ghost, 2 jackals and a bat.

Vanquished Creatures
  2 adders (D:2)
  An ooze (D:2)
  2 worms (D:3)
  A dart slug (D:1)
  2 leopard geckos
  2 orcs
  A giant cockroach (D:1)
  3 goblins (D:2)
  3 hobgoblins
  A ball python (D:1)
  5 bats
  5 frilled lizards
  6 kobolds
  9 rats
43 creatures vanquished.

Notes
Turn   | Place    | Note
-------+----------+-------------------------------------------
     0 | D:1      | Alelolelolen the Minotaur Fighter began the quest for the Orb.
     0 | D:1      | Reached XP level 1. HP: 19/19 MP: 0/0
   124 | D:1      | Reached XP level 2. HP: 19/27 MP: 1/1
   569 | D:2      | Found a bloodstained altar of Trog.
   669 | D:2      | Reached XP level 3. HP: 31/33 MP: 2/2
   893 | D:2      | Found a glowing golden altar of the Shining One.
  1071 | D:3      | Reached XP level 4. HP: 29/40 MP: 3/3
  1094 | D:3      | Noticed arttle's ghost (amateur GrEE)
  1099 | D:3      | Slain by arttle's ghost

Skill      XL: |  1  2  3 |
---------------+----------+-----
Fighting       | 4 |  4.3
Armour         | 4 |  4.2
Shields        | 4 |  4.3
Long Blades    | 3 |  3.4

Action                   |  1- 3 |  4- 6 || total
-------------------------+-------+-------++-------
Melee: Long sword        |    85 |     2 ||    87
       Headbutt          |    11 |       ||    11
Armor: Scale mail        |    38 |     1 ||    39
Dodge: Dodged            |    34 |     1 ||    35
Block: Shield            |    42 |     1 ||    43
       Rpst.: Long sword |    16 |       ||    16
